 Dungeon Crawl Stone Soup version 0.28-a0-1524-ge72afd5fc6 (webtiles) character file.

Game seed: 2615798658030492732

632 HallandMoats the Skirmisher (level 7, 0/55 HPs)
             Began as a Demonspawn Fighter on Jan 18, 2022.
             Succumbed to a killer bee's poison
             ... on level 5 of the Dungeon.
             The game lasted 00:03:37 (3145 turns).

HallandMoats the Skirmisher (Demonspawn Fighter)    Turns: 3145, Time: 00:03:38

Health: 0/55       AC: 16    Str: 20    XL:     7   Next: 24%
Magic:  7/7        EV: 10    Int:  6    God:
Gold:   201        SH:  9    Dex: 13    Spells: 6/6 levels left

rFire   . . .      SeeInvis .   b - +3 hunting sling "Silipeo" {freeze, Fly rN++ Str+2 Int-3}
rCold   . . .      Faith    .   c - +0 buckler
rNeg    + + .      Spirit   .   f - +0 scale mail
rPois   .          Reflect  .   (no helmet)
rElec   .          Harm     .   (no cloak)
rCorr   .          Rampage  .   (no gloves)
Will    .....                   (no boots)
Stlth   ..........              (no amulet)
HPRegen 0.18/turn               (no ring)
MPRegen 0.10/turn               (no ring)

@: lethally poisoned (0 -> -9), sanguine armoured, flying
A: foul stench 1, icemail 1, sanguine armour 1, condensation shield
a: no special abilities


You were on level 5 of the Dungeon.
You visited 1 branch of the dungeon, and saw 5 of its levels.

You collected 201 gold pieces.

Inventory:

Hand Weapons
 a - a +1 war axe of flaming
 b - the +3 hunting sling "Silipeo" (weapon) {freeze, Fly rN++ Str+2 Int-3}
   (You found it on level 4 of the Dungeon)

   Any ammunition fired from it freezes those it strikes, dealing additional
   cold damage.
   It can also slow down cold-blooded creatures.
   Str:       It affects your strength (+2).
   Int:       It affects your intelligence (-3).
   rN:        It greatly protects you from negative energy.
   Fly:       It grants you flight.
Missiles
 p - 39 stones (quivered ammo)
Armour
 c - a +0 buckler (worn)
 f - a +0 scale mail (worn)
Jewellery
 n - a ring of fire
Wands
 k - a wand of polymorph (11)
 s - a wand of flame (16)
Scrolls
 e - a scroll of enchant weapon {unknown}
 g - a scroll of magic mapping {unknown}
 i - a scroll of fog {unknown}
 j - 3 scrolls of identify {unknown}
 m - 3 scrolls of immolation {unknown}
 r - a scroll of summoning {unknown}
 u - a scroll of noise {unknown}
 v - a scroll of teleportation {unknown}
Potions
 d - a potion of might
 h - a potion of lignification {unknown}
 l - 2 potions of mutation {unknown}
 o - 3 potions of heal wounds {unknown}
 q - 2 potions of brilliance {unknown}
 t - a potion of magic {unknown}


   Skills:
 * Level 4.7 Fighting
 * Level 3.8 Axes
 * Level 3.0 Slings
 + Level 3.5 Armour
 + Level 2.0 Dodging
 + Level 3.5 Shields


You had 6 spell levels left.
You didn't know any spells.
Your spell library contained the following spells:

 Spells                   Type           Power      Damage    Failure   Level
 Ensorcelled Hibernation  Hex/Ice        0%         N/A       95%         2
 Spider Form              Tmut/Pois      0%         N/A       99%         3
 Tukima's Dance           Hex            0%         N/A       99%         3
 Anguish                  Hex/Necr       0%         N/A       100%        4
 Passage of Golubria      Tloc           0%         N/A       100%        4
 Yara's Violent Unravell  Hex/Tmut       0%         3d3       100%        5


Dungeon Overview and Level Annotations

Branches:
Dungeon (5/15)
 Temple: D:4-7

Altars:
Ashenzari
Cheibriados
Qazlal
Vehumet
Yredelemnul


Innate Abilities, Weirdness & Mutations

You may rarely emit foul miasma when damaged in melee.
A meltable icy envelope protects you from harm. (AC +4)
When seriously injured, your blood forms armour. (AC +6)
A meltable shield of frost defends you. (SH +4)


Message History

Press: ? - help, Q - select action, (/) - cycle Shift-Dir - straight line, f/p - killer bee
Aim: a killer bee (heavily wounded, 38% to hit)
You shoot a stone.
The stone hits the killer bee but does no damage.
The killer bee is heavily wounded.
You feel sick.
The killer bee stings you but does no damage.
The killer bee closely misses you.
Fire: 43 stones
Press: ? - help, Q - select action, (/) - cycle Shift-Dir - straight line, f/p - killer bee
Aim: a killer bee (heavily wounded, 38% to hit)
You shoot a stone.
The stone closely misses the killer bee.
You feel sick. You block the killer bee's attack.
The killer bee stings you but does no damage.
Fire: 42 stones
Press: ? - help, Q - select action, (/) - cycle Shift-Dir - straight line, f/p - killer bee
Aim: a killer bee (heavily wounded, 38% to hit)
You shoot a stone. The stone hits the killer bee.
The stone freezes the killer bee.
The killer bee is almost dead.
You feel sick.
The killer bee stings you but does no damage. x2
Fire: 41 stones
Press: ? - help, Q - select action, (/) - cycle Shift-Dir - straight line, f/p - killer bee
Aim: a killer bee (almost dead, 38% to hit)
You shoot a stone. The stone misses the killer bee.
You feel sick.
The killer bee stings you but does no damage.
You block the killer bee's attack. The killer bee stings you.
* * * LOW HITPOINT WARNING * * *
You are more poisoned.
The killer bee poisons you!
Fire: 40 stones
Press: ? - help, Q - select action, (/) - cycle Shift-Dir - straight line, f/p - killer bee
Aim: a killer bee (almost dead, 38% to hit)
You shoot a stone. The stone hits the killer bee!
The stone freezes the killer bee.
You kill the killer bee!
You die...

#.# ####### .....
#.####.....###
####.....
#............#
#........
########.....#.#
#........
.............#.#
#........
########.....#.#
#........ ###.....#
#........
#....######.(......
#.......@((((..(...
##....########.#####
#### #....## ...
...# #....# ....
##.# #....# .$(..
#.# #....# .... #.#
####.# .O.( #.# #.#
#.# #.#


There were no monsters in sight!

Vanquished Creatures
  A water moccasin (D:5)
  A water moccasin zombie (D:5)
  6 killer bees (D:5)
  2 orc wizards (D:5)
  A hound skeleton (D:4)
  4 gnolls (D:3)
  6 adders
  A worm (D:4)
  3 dart slugs
  3 orcs
  10 endoplasms
  4 giant cockroaches
  7 goblins
  7 hobgoblins
  6 jackals
  5 quokkas
  4 ball pythons
  8 bats
  A frilled lizard (D:2)
  9 kobolds
  7 rats
96 creatures vanquished.

Notes
Turn   | Place    | Note
-------+----------+-------------------------------------------
     0 | D:1      | HallandMoats the Demonspawn Fighter began the quest for the
                  | Orb.
     0 | D:1      | Reached XP level 1. HP: 18/18 MP: 1/1
   208 | D:1      | Gained mutation: A meltable shield of frost defends you.
                  | (SH +4) [demonic ancestry]
   208 | D:1      | Reached XP level 2. HP: 24/24 MP: 2/2
   762 | D:2      | Gained mutation: When seriously injured, your blood forms
                  | armour. (AC +6) [demonic ancestry]
   762 | D:2      | Reached XP level 3. HP: 29/29 MP: 3/3
  1166 | D:2      | Reached skill level 1 in Slings
  1268 | D:2      | Gained mutation: A meltable icy envelope protects you from
                  | harm. (AC +4) [demonic ancestry]
  1268 | D:2      | Reached XP level 4. HP: 36/36 MP: 4/4
  1325 | D:2      | You fall into a shaft and drop 1 floor!
  1617 | D:3      | Reached XP level 5. HP: 27/42 MP: 5/5
  1626 | D:3      | Reached skill level 1 in Dodging
  1947 | D:3      | Found a radiant altar of Vehumet.
  2094 | D:3      | Found a broken altar of Ashenzari.
  2273 | D:4      | Reached skill level 4 in Fighting
  2362 | D:4      | Found a snail-covered altar of Cheibriados.
  2585 | D:4      | Found a stormy altar of Qazlal.
  2606 | D:4      | Identified the +3 hunting sling "Silipeo" {freeze, Fly rN++
                  | Str+2 Int-3}
  2727 | D:5      | Entered Level 5 of the Dungeon
  2827 | D:5      | Found a basalt altar of Yredelemnul.
  2831 | D:5      | Noticed a water moccasin
  2836 | D:5      | Killed a water moccasin
  2837 | D:5      | Gained mutation: You may rarely emit foul miasma when
                  | damaged in melee. [demonic ancestry]
  2837 | D:5      | Reached XP level 6. HP: 49/49 MP: 6/6
  3126 | D:5      | Reached XP level 7. HP: 34/55 MP: 7/7
  3144 | D:5      | HP: 2/55 [killer bee (3)]
  3145 | D:5      | Succumbed to a killer bee's poison

Illustrated notes

Levels and vault maps discovered:
D:1:      ebering_trefoil_twist, layout_basic
D:2:      layout_basic, serial_park_tiny_2, minmay_tetromino_i2
D:3:      kennysheep_six_static_rooms, layout_rooms,
          lemuel_coloured_pillars_altar, vehumet_crystals, st_stairs_4
D:4:      layout_cave_pools, old_standard_altar, mainiacjoe_overflow_brackets,
          kennysheep_generic_room_4
D:5:      layout_basic, general_overflow_altar, dk_vineyard_2

Skill      XL: |  1  2  3  4  5  6  7 |
---------------+----------------------+-----
Axes           | 2 3 |  3.8
Slings         | 1 2 3 |  3.0
Shields        | 3 |  3.5
Armour         | 3 |  3.5
Dodging        | 1 2 |  2.0
Fighting       | 4 |  4.7

Action                   |  1- 3 |  4- 6 |  7- 9 || total
-------------------------+-------+-------+-------++-------
Melee: War axe           |    14 |    12 |       ||    26
 Fire: Hunting sling     |    87 |   160 |    20 ||   267
Armor: Scale mail        |    16 |    33 |    15 ||    64
Dodge: Dodged            |    10 |    32 |     6 ||    48
Block: Buckler           |    11 |    33 |    14 ||    58

Table legend: (Time is in decaauts)
 A = Elapsed time spent in this place.
 B = Non-inter-level travel time spent in this place.
 C = Inter-level travel time spent in this place.
 D = Time resting spent in this place.
 E = Time spent auto-exploring this place.
 F = Levels seen in this place.
 G = Mean time per level.
                   A        B        C        D        E       F      G
               +--------+--------+--------+--------+--------+-----+--------+
         Total |   3198 |   3166 |     32 |      0 |   2506 |   5 |  639.6 |
       Dungeon |   3198 |   3166 |     32 |      0 |   2506 |   5 |  639.6 |
               +--------+--------+--------+--------+--------+-----+--------+

Top non-repeatable levels by time:
     D:3: 891 daAuts
     D:1: 771 daAuts
     D:2: 579 daAuts
     D:4: 530 daAuts
     D:5: 425 daAuts
